[ AOE2 MATCH · #506220640 ]
UnrankedChinese vs Armenians
Player's team · WIN
Rival team · LOSS
[ REPLAY ANALYSIS · EXTRACTED FROM THE RECORDED GAME ]
Feudal
8:25
Castle
21:19
Imperial
35:21
| APM avg | 51.6 |
| APM peak | 78 |
| eAPM avg | 28.8 |
| Villagers / military | 122 / 62 |
Focus
⚔️ 38.7% · 🌾 61.3%
Knight ×30 · Skirmisher ×15 · Archer ×9 · Scout Cavalry ×4 · Monk ×2 · Trebuchet (Packed) ×2
Feudal
11:48
Castle
18:20
Imperial
—
| APM avg | 79.5 |
| APM peak | 158 |
| eAPM avg | 36.8 |
| Villagers / military | 124 / 65 |
Focus
⚔️ 41.2% · 🌾 58.8%
Archer ×30 · Monk ×18 · Skirmisher ×8 · Spearman ×7 · Warrior Priest ×2
Match map
Initial resources + every placement click. Lines = walls · curves = elevation contours. ◆ gold · ⬟ stone · ● berries · ✦ relic · ◌ wall gap
Your base· ✓ Closed at 21:19 · 58t walls · 1 gate(s)
the best BO's's base· ✓ Closed at 18:20 · 74t walls · no gate
Smoothed initial terrain · ◌ = detected wall gap · hover for details
Inputs per minute
— m4rco - - the best BO's
Build order — m4rco
First 150 of 343 actions detected
| 0:10 | Research | Loom |
| 0:11 | Research | Loom |
| 0:43 | Queue | Villager (Male) |
| 0:43 | Queue | Villager (Male) |
| 1:07 | Queue | Villager (Male) |
| 1:07 | Queue | Villager (Male) |
| 1:37 | Queue | Villager (Male) |
| 1:37 | Queue | Villager (Male) |
| 2:03 | Queue | Villager (Male) |
| 2:06 | Build | Lumber Camp |
| 2:21 | Queue | Villager (Male) |
| 2:46 | Queue | Villager (Male) |
| 3:00 | Queue | Villager (Male) |
| 3:26 | Build | House |
| 3:32 | Queue | Villager (Male) |
| 3:41 | Queue | Villager (Male) |
| 4:04 | Queue | Villager (Male) |
| 4:35 | Queue | Villager (Male) |
| 4:45 | Build | Mill |
| 5:13 | Queue | Villager (Male) |
| 5:33 | Queue | Villager (Male) |
| 6:15 | Research | Feudal Age |
| 6:15 | Research | Feudal Age |
| 6:57 | Build | Lumber Camp |
| 7:23 | Build | Palisade Wall |
| 7:24 | Build | Palisade Wall |
| 7:28 | Build | House |
| 7:31 | Build | Palisade Wall |
| 7:34 | Build | Palisade Wall |
| 7:40 | Build | Palisade Wall |
| 7:41 | Build | Palisade Wall |
| 7:45 | Queue | Villager (Male) |
| 8:01 | Build | Barracks |
| 8:06 | Build | Palisade Wall |
| 8:10 | Build | Palisade Wall |
| 8:12 | Build | Palisade Wall |
| 8:14 | Build | Palisade Wall |
| 8:16 | Queue | Villager (Male) |
| 8:25 | Age | Feudal Age |
| 8:47 | Build | Archery Range |
| 8:52 | Queue | Villager (Male) |
| 9:16 | Queue | Villager (Male) |
| 9:21 | Build | House |
| 9:30 | Build | House |
| 9:42 | Queue | Villager (Male) |
| 9:49 | Queue | Archer |
| 10:04 | Queue | Villager (Male) |
| 10:10 | Build | Mill |
| 10:15 | Queue | Villager (Male) |
| 10:16 | Build | Mining Camp |
| 10:35 | Queue | Villager (Male) |
| 10:41 | Build | Farm |
| 10:49 | Queue | Villager (Male) |
| 11:18 | Queue | Villager (Male) |
| 11:20 | Build | Stable |
| 11:23 | Queue | Archer |
| 11:33 | Build | House |
| 11:38 | Queue | Villager (Male) |
| 11:41 | Build | House |
| 11:48 | Build | Palisade Wall |
| 11:57 | Queue | Villager (Male) |
| 12:14 | Build | House |
| 12:17 | Queue | Archer |
| 12:18 | Queue | Villager (Male) |
| 12:21 | Build | Farm |
| 12:22 | Build | Farm |
| 12:28 | Build | Farm |
| 12:36 | Research | Double-Bit Axe |
| 12:39 | Queue | Scout Cavalry |
| 12:40 | Queue | Archer |
| 12:46 | Build | Palisade Wall |
| 12:49 | Build | Palisade Wall |
| 13:03 | Queue | Villager (Male) |
| 13:20 | Queue | Archer |
| 13:24 | Queue | Villager (Male) |
| 13:26 | Build | Farm |
| 13:29 | Build | Farm |
| 13:36 | Queue | Villager (Male) |
| 13:39 | Build | Farm |
| 13:43 | Build | Palisade Wall |
| 13:47 | Build | Farm |
| 13:53 | Build | Palisade Wall |
| 13:54 | Build | Palisade Wall |
| 13:56 | Build | Palisade Wall |
| 14:04 | Queue | Archer |
| 14:04 | Queue | Villager (Male) |
| 14:06 | Build | Farm |
| 14:25 | Queue | Archer |
| 14:29 | Build | Blacksmith |
| 14:37 | Queue | Scout Cavalry |
| 14:40 | Queue | Archer |
| 14:44 | Queue | Villager (Male) |
| 14:46 | Build | Farm |
| 15:04 | Queue | Scout Cavalry |
| 15:07 | Build | Farm |
| 15:08 | Build | Farm |
| 15:18 | Queue | Villager (Male) |
| 15:29 | Build | House |
| 15:32 | Queue | Villager (Male) |
| 15:42 | Queue | Archer |
| 15:42 | Queue | Villager (Male) |
| 15:49 | Research | Fletching |
| 15:49 | Research | Fletching |
| 15:51 | Build | Farm |
| 16:03 | Build | Farm |
| 16:05 | Build | Farm |
| 16:09 | Queue | Villager (Male) |
| 16:19 | Build | House |
| 16:28 | Queue | Villager (Male) |
| 16:47 | Queue | Villager (Male) |
| 16:51 | Build | Farm |
| 16:53 | Build | House |
| 16:54 | Build | House |
| 16:58 | Build | Farm |
| 17:04 | Build | House |
| 17:15 | Queue | Villager (Male) |
| 17:18 | Build | Farm |
| 17:18 | Build | Farm |
| 17:37 | Queue | Villager (Male) |
| 17:40 | Build | Farm |
| 17:42 | Build | Farm |
| 17:44 | Build | Farm |
| 17:47 | Build | House |
| 17:57 | Build | Farm |
| 18:39 | Research | Castle Age |
| 18:39 | Research | Castle Age |
| 18:45 | Build | Stable |
| 19:04 | Research | Gold Mining |
| 19:04 | Research | Gold Mining |
| 19:23 | Research | Horse Collar |
| 19:50 | Queue | Villager (Male) |
| 19:55 | Build | Palisade Gate |
| 20:01 | Research | Scale Barding Armor |
| 20:03 | Research | Bloodlines |
| 20:27 | Queue | Villager (Male) |
| 20:51 | Build | House |
| 20:54 | Build | House |
| 21:07 | Build | Market |
| 21:16 | Build | Palisade Wall |
| 21:19 | Age | Castle Age |
| 21:28 | Queue | Knight |
| 21:29 | Queue | Knight |
| 21:29 | Research | Chain Barding Armor |
| 21:40 | Queue | Villager (Male) |
| 21:42 | Queue | Knight |
| 21:42 | Queue | Knight |
| 21:43 | Build | Farm |
| 21:44 | Queue | Villager (Male) |
| 21:45 | Queue | Villager (Male) |
| 21:54 | Queue | Villager (Male) |
Build order — the best BO's
First 150 of 330 actions detected
| 0:00 | Queue | Villager (Male) |
| 0:00 | Queue | Villager (Male) |
| 0:01 | Build | House |
| 0:02 | Build | House |
| 0:03 | Queue | Villager (Male) |
| 0:05 | Queue | Villager (Male) |
| 1:25 | Queue | Villager (Male) |
| 1:25 | Queue | Villager (Male) |
| 1:25 | Queue | Villager (Male) |
| 1:49 | Queue | Villager (Male) |
| 1:49 | Queue | Villager (Male) |
| 1:49 | Queue | Villager (Male) |
| 1:54 | Build | House |
| 2:25 | Queue | Villager (Male) |
| 2:25 | Queue | Villager (Male) |
| 2:25 | Queue | Villager (Male) |
| 2:30 | Build | Mule Cart |
| 2:51 | Queue | Villager (Male) |
| 2:51 | Queue | Villager (Male) |
| 2:51 | Queue | Villager (Male) |
| 3:06 | Queue | Villager (Male) |
| 3:06 | Queue | Villager (Male) |
| 3:06 | Queue | Villager (Male) |
| 3:37 | Queue | Villager (Male) |
| 3:37 | Queue | Villager (Male) |
| 3:38 | Queue | Villager (Male) |
| 4:00 | Queue | Villager (Male) |
| 4:01 | Queue | Villager (Male) |
| 4:01 | Queue | Villager (Male) |
| 4:27 | Queue | Villager (Male) |
| 4:32 | Build | Barracks |
| 4:48 | Queue | Villager (Male) |
| 4:48 | Queue | Villager (Male) |
| 4:48 | Queue | Villager (Male) |
| 4:48 | Queue | Villager (Male) |
| 5:13 | Build | House |
| 5:26 | Build | House |
| 5:27 | Queue | Spearman |
| 5:27 | Queue | Spearman |
| 5:35 | Queue | Villager (Male) |
| 5:36 | Queue | Villager (Male) |
| 5:45 | Queue | Spearman |
| 5:45 | Queue | Spearman |
| 5:45 | Queue | Spearman |
| 6:07 | Queue | Villager (Male) |
| 6:12 | Queue | Spearman |
| 6:18 | Queue | Villager (Male) |
| 6:45 | Build | Mule Cart |
| 6:57 | Queue | Villager (Male) |
| 7:20 | Queue | Villager (Male) |
| 7:38 | Build | Mill |
| 7:46 | Queue | Villager (Male) |
| 8:01 | Queue | Villager (Male) |
| 8:11 | Build | Farm |
| 8:36 | Queue | Villager (Male) |
| 8:37 | Queue | Villager (Male) |
| 8:48 | Queue | Villager (Male) |
| 8:49 | Build | Farm |
| 8:56 | Research | Loom |
| 9:33 | Research | Feudal Age |
| 9:35 | Build | House |
| 10:10 | Build | House |
| 10:11 | Build | Palisade Wall |
| 10:20 | Build | Palisade Wall |
| 10:21 | Build | Palisade Wall |
| 10:49 | Queue | Villager (Male) |
| 10:49 | Queue | Villager (Male) |
| 11:23 | Build | Palisade Wall |
| 11:48 | Age | Feudal Age |
| 11:56 | Queue | Villager (Male) |
| 11:59 | Build | Archery Range |
| 12:17 | Build | Palisade Wall |
| 12:22 | Queue | Villager (Male) |
| 12:25 | Build | Blacksmith |
| 12:37 | Research | Double-Bit Axe |
| 12:37 | Research | Horse Collar |
| 12:43 | Build | House |
| 12:44 | Build | Palisade Wall |
| 12:47 | Queue | Villager (Male) |
| 12:58 | Build | Palisade Wall |
| 13:02 | Queue | Skirmisher |
| 13:04 | Build | Mule Cart |
| 13:08 | Queue | Villager (Male) |
| 13:23 | Queue | Skirmisher |
| 13:24 | Queue | Villager (Male) |
| 13:27 | Build | Farm |
| 13:28 | Build | Farm |
| 13:35 | Queue | Spearman |
| 13:36 | Queue | Skirmisher |
| 13:40 | Build | Stone Wall |
| 13:41 | Build | Stone Wall |
| 13:44 | Build | Stone Wall |
| 13:45 | Build | Stone Wall |
| 14:16 | Build | Farm |
| 14:17 | Build | Farm |
| 14:27 | Build | Farm |
| 14:29 | Build | Farm |
| 14:31 | Queue | Villager (Male) |
| 15:15 | Queue | Villager (Male) |
| 15:16 | Build | Farm |
| 15:18 | Build | Farm |
| 15:22 | Build | Stone Wall |
| 15:25 | Research | Castle Age |
| 15:26 | Research | Castle Age |
| 15:26 | Research | Castle Age |
| 15:59 | Build | Archery Range |
| 16:00 | Queue | Archer |
| 16:03 | Research | Padded Archer Armor |
| 16:03 | Research | Padded Archer Armor |
| 16:22 | Queue | Archer |
| 16:43 | Queue | Archer |
| 16:50 | Build | Watch Tower |
| 16:57 | Build | Stone Wall |
| 17:01 | Build | Stone Wall |
| 17:07 | Queue | Archer |
| 17:19 | Build | Stone Wall |
| 17:41 | Queue | Archer |
| 17:50 | Research | Fletching |
| 17:50 | Research | Fletching |
| 17:56 | Build | Market |
| 17:56 | Queue | Villager (Male) |
| 17:58 | Build | House |
| 17:58 | Queue | Villager (Male) |
| 18:00 | Build | House |
| 18:02 | Build | House |
| 18:07 | Queue | Archer |
| 18:13 | Queue | Archer |
| 18:13 | Queue | Archer |
| 18:13 | Queue | Archer |
| 18:20 | Age | Castle Age |
| 18:53 | Research | Bodkin Arrow |
| 18:53 | Research | Bodkin Arrow |
| 19:05 | Research | Crossbowman (upgrade) |
| 19:05 | Research | Crossbowman (upgrade) |
| 19:06 | Research | Crossbowman (upgrade) |
| 19:09 | Queue | Archer |
| 19:09 | Queue | Archer |
| 19:16 | Build | Farm |
| 19:18 | Build | Farm |
| 19:20 | Build | Farm |
| 19:28 | Queue | Archer |
| 19:28 | Queue | Archer |
| 19:33 | Queue | Villager (Male) |
| 19:34 | Queue | Villager (Male) |
| 19:34 | Queue | Villager (Male) |
| 19:36 | Build | Farm |
| 19:44 | Build | Farm |
| 19:48 | Queue | Archer |
| 20:01 | Queue | Archer |
| 20:04 | Queue | Villager (Male) |
Match timeline
| 4:32 | the best BO's · first_building Barracks |
| 7:23 | m4rco · wall_segment Palisade Wall x1 |
| 7:24 | m4rco · wall_segment Palisade Wall x1 |
| 7:31 | m4rco · wall_segment Palisade Wall x1 |
| 7:34 | m4rco · wall_segment Palisade Wall x1 |
| 7:40 | m4rco · wall_segment Palisade Wall x1 |
| 7:41 | m4rco · wall_segment Palisade Wall x1 |
| 8:01 | m4rco · first_building Barracks |
| 8:06 | m4rco · wall_segment Palisade Wall x1 |
| 8:10 | m4rco · wall_segment Palisade Wall x1 |
| 8:12 | m4rco · wall_segment Palisade Wall x1 |
| 8:14 | m4rco · wall_segment Palisade Wall x1 |
| 8:25 | m4rco · age_up feudal |
| 8:47 | m4rco · first_building Archery Range |
| 10:11 | the best BO's · wall_segment Palisade Wall x5 |
| 10:20 | the best BO's · wall_segment Palisade Wall x6 |
| 10:21 | the best BO's · wall_segment Palisade Wall x5 |
| 11:20 | m4rco · first_building Stable |
| 11:23 | the best BO's · wall_segment Palisade Wall x13 |
| 11:48 | m4rco · wall_segment Palisade Wall x1 |
| 11:48 | the best BO's · age_up feudal |
| 11:59 | the best BO's · first_building Archery Range |
| 12:17 | the best BO's · wall_segment Palisade Wall x2 |
| 12:44 | the best BO's · wall_segment Palisade Wall x8 |
| 12:46 | m4rco · wall_segment Palisade Wall x6 |
| 12:49 | m4rco · wall_segment Palisade Wall x10 |
| 12:58 | the best BO's · wall_segment Palisade Wall x8 |
| 13:40 | the best BO's · wall_segment Stone Wall x1 |
| 13:41 | the best BO's · wall_segment Stone Wall x7 |
| 13:43 | m4rco · wall_segment Palisade Wall x5 |
| 13:44 | the best BO's · wall_segment Stone Wall x4 |
| 13:45 | the best BO's · wall_segment Stone Wall x10 |
| 13:53 | m4rco · wall_segment Palisade Wall x7 |
| 13:54 | m4rco · wall_segment Palisade Wall x5 |
| 13:56 | m4rco · wall_segment Palisade Wall x14 |
| 15:22 | the best BO's · wall_segment Stone Wall x4 |
| 16:57 | the best BO's · wall_segment Stone Wall x6 |
| 17:01 | the best BO's · wall_segment Stone Wall x4 |
| 17:19 | the best BO's · wall_segment Stone Wall x3 |
| 18:20 | the best BO's · age_up castle |
| 18:57 | the best BO's · first_market_sell 100 wood |
| 20:26 | the best BO's · first_market_buy 100 stone |
| 21:16 | m4rco · wall_segment Palisade Wall x1 |
| 21:19 | m4rco · age_up castle |
| 22:22 | the best BO's · first_building Monastery |
| 23:48 | m4rco · wall_segment Palisade Wall x1 |
| 25:19 | m4rco · first_market_buy 100 food |
| 25:30 | the best BO's · first_building Stable |
| 27:39 | m4rco · first_building Monastery |
| 31:37 | m4rco · first_building Castle |
| 31:49 | m4rco · first_market_sell 500 food |
| 32:33 | the best BO's · first_building Castle |
| 33:15 | the best BO's · first_building Siege Workshop |
| 34:11 | the best BO's · wall_segment Stone Wall x1 |
| 34:31 | the best BO's · wall_segment Stone Wall x1 |
| 35:21 | m4rco · age_up imperial |
| 35:31 | the best BO's · resign |
[ AI ANALYSIS · 1 CREDIT ]
What really happened in this match?
Wolo.gg analyzes every decision: build order, eco, micro, common mistakes by bracket. Personalized analysis on WhatsApp or Discord in 30 seconds.
Civ guide
Chinese
Perfil
Jugador #1512532